Calgary Flames vs Chicago Black Hawks
(R2)
Created - Saturday, February 17, 2024 at 08:21
Goals
|
| Calgary Flames |
2 |
0 |
1 |
0 |
3 |
| Chicago Black Hawks |
0 |
2 |
1 |
1 |
4 |
|
Shots
|
| Calgary Flames |
12 |
10 |
14 |
1 |
37 |
| Chicago Black Hawks |
13 |
14 |
7 |
2 |
36 |
|
1st period
1. Calgary Flames , Timo Meier 4 (Zach Hyman 8, Sebastian Aho 13) at 10:15
2. Calgary Flames , Oliver Bjorkstrand 3 (Mathieu Joseph 3, Michael Anderson 5) at 11:08
Penalties :
No Penalty
2nd period
3. Chicago Black Hawks , Nicholas Paul 3 (Jaden Schwartz 2) at 7:12
4. Chicago Black Hawks , Vincent Trocheck 2 (Bo Horvat 3, Kevin Fiala 4) at 12:56 (PP)
Penalties :
Nic Dowd (CGY) for Hooking (Minor) at 4:24, Yakov Trenin (CGY) for Hooking (Minor) at 11:27, Devon Toews (CHI) for High sticking (Minor) at 16:37
3rd period
5. Calgary Flames , Yakov Trenin 1 (Drew Doughty 4, Joel Eriksson Ek 8) at 13:11
6. Chicago Black Hawks , Bo Horvat 4 (Kevin Fiala 5, Vincent Trocheck 4) at 19:32
Penalties :
Matthew Tkachuk (CGY) for Kneeing (Minor) at 0:22, Cole Sillinger (CGY) for Holding Stick (Minor) at 2:55, Marcus Pettersson (CHI) for Fighting (Major) at 7:29, Matthew Tkachuk (CGY) for Fighting (Major) at 7:29, Vincent Trocheck (CHI) for Hooking (Minor) at 8:08
Overtime #1
7. Chicago Black Hawks , Marcus Pettersson 1 (Cale Makar 5, Jaden Schwartz 3) at 2:48
Penalties :
No Penalty
Goalie Stats
Samuel Montembeault (CGY), 32 saves from 36 shots - (0.889), OTL, 2-0-1, 62:48 minutes
Jordan Binnington (CHI), 34 saves from 37 shots - (0.919), W, 2-0-0, 61:54 minutes
Players Stats for Calgary Flames
Player Name G A P +/- PIM S H SB GA TA FO MP PP MP PK MP
------------------------------------------------------------------------------------
Cole Sillinger 0 0 0 0 2 1 0 0 0 0 3/3 8:23 0:00 0:00
Drew Doughty 0 1 1 0 0 5 1 2 1 0 0/0 24:37 2:06 4:11
J.T. Miller 0 0 0 -1 0 4 0 0 1 0 8/25 21:38 2:09 3:46
Jeff Petry 0 0 0 1 0 1 1 0 0 1 0/0 24:36 1:52 3:15
Joel Eriksson Ek 0 1 1 -2 0 2 1 0 1 0 2/8 20:11 2:09 3:27
Kris Letang 0 0 0 0 0 2 4 1 1 0 0/0 20:02 2:06 0:00
Mathieu Joseph 0 1 1 1 0 2 1 1 0 0 0/0 16:56 0:10 3:42
Matthew Tkachuk 0 0 0 0 7 0 2 0 2 2 0/0 15:21 1:08 0:51
Michael Anderson 0 1 1 -1 0 0 1 0 0 1 0/0 19:41 0:00 4:11
Nic Dowd 0 0 0 0 2 0 4 0 0 0 6/15 17:11 0:45 2:47
Oliver Bjorkstrand 1 0 1 1 0 3 2 0 0 0 0/0 13:11 0:13 0:00
Rafael Harvey-Pinard 0 0 0 0 0 1 0 0 0 0 0/0 8:24 0:00 0:00
Rasmus Andersson 0 0 0 0 0 0 1 0 0 0 0/0 16:18 1:52 0:00
Ryan McDonagh 0 0 0 0 0 1 0 2 0 0 0/0 20:22 0:00 3:15
Sebastian Aho 0 1 1 0 0 2 1 1 0 0 7/13 16:42 1:49 0:13
Timo Meier 1 0 1 1 0 10 2 0 0 0 0/0 16:01 1:48 0:06
Yakov Trenin 1 0 1 0 2 1 0 0 1 0 0/0 8:23 0:00 0:00
Zach Hyman 0 1 1 1 0 2 0 0 1 0 0/1 15:44 1:43 0:00
Players Stats for Chicago Black Hawks
Player Name G A P +/- PIM S H SB GA TA FO MP PP MP PK MP
------------------------------------------------------------------------------------
Barrett Hayton 0 0 0 -2 0 1 6 0 1 0 0/1 20:50 3:47 1:56
Bo Horvat 1 1 2 1 0 6 1 0 1 1 12/18 19:05 3:39 0:00
Brent Burns 0 0 0 -2 0 0 1 0 0 1 0/0 28:03 4:04 1:52
Cale Makar 0 1 1 2 0 1 5 1 1 2 0/0 25:44 3:13 0:10
Conor Sheary 0 0 0 1 0 1 1 1 0 0 0/0 11:49 0:00 0:00
Devon Toews 0 0 0 -1 2 0 1 2 0 1 0/0 20:04 3:13 0:53
Frederick Gaudreau 0 0 0 0 0 0 0 0 0 0 1/1 4:27 0:00 1:55
Jaden Schwartz 0 2 2 2 0 1 1 0 0 1 0/0 12:14 0:00 0:07
Kevin Fiala 0 2 2 1 0 2 1 0 0 0 1/1 20:21 3:39 0:00
Kirby Dach 0 0 0 -2 0 3 2 0 0 0 0/0 18:41 3:47 0:00
Marcus Pettersson 1 0 1 1 5 1 1 0 0 0 0/0 14:19 0:00 1:03
Michael Rasmussen 0 0 0 -1 0 0 0 0 0 1 0/0 8:16 0:00 1:56
Nicholas Paul 1 0 1 1 0 1 0 1 1 1 10/17 17:17 0:00 0:07
Patrice Bergeron 0 0 0 -2 0 11 0 0 0 0 11/18 20:36 3:47 1:55
Seth Jones 0 0 0 1 0 1 2 0 0 0 0/0 20:43 3:54 1:52
Shane Pinto 0 0 0 -1 0 1 1 0 0 0 3/8 7:05 0:00 0:00
Travis Sanheim 0 0 0 -1 0 3 1 2 0 0 0/0 16:41 0:28 2:06
Vincent Trocheck 1 1 2 1 2 3 0 2 0 0 1/1 20:56 3:39 0:00
3 Stars
1 - Bo Horvat (CHI)
2 - Cale Makar (CHI)
3 - Jaden Schwartz (CHI)
Power Play
Calgary Flames - 0 on 2 Attempt(s) - 0.00%
Chicago Black Hawks - 1 on 4 Attempt(s) - 25.00%
Penalty Kill
Calgary Flames - 3 on 4 Attempt(s) - 75.00%
- Score 0 goal in Penalty Kill
Chicago Black Hawks - 2 on 2 Attempt(s) - 100.00%
- Score 0 goal in Penalty Kill
Team Stat
Calgary Flames - Hits : 21 - Faceoff Wins : 26 - Blocked Shots : 7 - Penalty Minutes : 13
Chicago Black Hawks - Hits : 24 - Faceoff Wins : 39 - Blocked Shots : 9 - Penalty Minutes : 9
Official
Referees : Dan O'Halloran and Trevor Hanson
Linesman : Tim Nowak and Greg Devorski
Game Notes
Marcus Pettersson beats up Matthew Tkachuk at 7:29 of 3rd period
Finance
Level 1 -- Attendance: 4416 (73.60%) -- Ticket Income $441,600
Level 2 -- Attendance: 4225 (84.50%) -- Ticket Income $253,500
Level 3 -- Attendance: 2559 (85.30%) -- Ticket Income $89,565
Level 4 -- Attendance: 3621 (72.42%) -- Ticket Income $90,525
Luxury Box -- Attendance: 846 (84.60%) -- Ticket Income $169,200
Game was played at the United Center.
Total Attendance: 15667 (78.34%)
Total Ticket Income: $1,044,390
Other Income: $365,536
Total Income: $1,409,926
Calgary Flames
5 vs 5 Forward
Center Left Wing Right Wing Time % Phy DF OF
1 J.T. Miller Matthew Tkachuk Joel Eriksson Ek 31 0 2 3
2 Sebastian Aho Zach Hyman Timo Meier 30 0 2 3
3 Nic Dowd Mathieu Joseph Oliver Bjorkstrand 29 0 2 3
4 Cole Sillinger Rafael Harvey-Pinard Yakov Trenin 10 1 3 1
5 vs 5 Defense
Defense Defense Time % Phy DF OF
1 Drew Doughty Jeff Petry 35 1 3 1
2 Ryan McDonagh Kris Letang 35 1 3 1
3 Michael Anderson Rasmus Andersson 30 1 3 1
4 Kris Letang Jeff Petry 0 1 3 1
PowerPlay Forward
Center Left Wing Right Wing Time % Phy DF OF
1 J.T. Miller Matthew Tkachuk Joel Eriksson Ek 50 0 0 5
2 Sebastian Aho Zach Hyman Timo Meier 50 0 0 5
PowerPlay Defense
Defense Defense Time % Phy DF OF
1 Kris Letang Drew Doughty 50 0 0 5
2 Rasmus Andersson Jeff Petry 50 0 0 5
Penalty Kill 4 Players Forward
Center Wing Time % Phy DF OF
1 Joel Eriksson Ek Mathieu Joseph 50 0 5 0
2 J.T. Miller Nic Dowd 50 0 5 0
Penalty Kill 4 Players Defense
Defense Defense Time % Phy DF OF
1 Jeff Petry Ryan McDonagh 50 0 5 0
2 Michael Anderson Drew Doughty 50 0 5 0
Penalty Kill - 3 Players Forward
Forward Time % Phy DF OF
1 J.T. Miller 50 0 5 0
2 Sebastian Aho 50 0 5 0
Penalty Kill - 3 Players Defense
Defense Defense Time % Phy DF OF
1 Kris Letang Jeff Petry 50 0 5 0
2 Michael Anderson Drew Doughty 50 0 5 0
4 vs 4 Forward
Center Wing Time % Phy DF OF
1 J.T. Miller Timo Meier 50 1 2 2
2 Sebastian Aho Zach Hyman 50 1 2 2
4 vs 4 Defense
Defense Defense Time % Phy DF OF
1 Kris Letang Jeff Petry 50 1 2 2
2 Drew Doughty Michael Anderson 50 1 2 2
Last Minutes Offensive
Center Left Wing Right Wing Defense Defense
J.T. Miller Matthew Tkachuk Sebastian Aho Kris Letang Drew Doughty
Last Minutes Defensive
Center Left Wing Right Wing Defense Defense
J.T. Miller Sebastian Aho Joel Eriksson Ek Ryan McDonagh Drew Doughty
Goaltenders
Starting : Samuel Montembeault
Backup : Ilya Sorokin
Extra Forwards
Normal : Nic Dowd, Joel Eriksson Ek, Mathieu Joseph - PP : Nic Dowd, Joel Eriksson Ek - PK : Mathieu Joseph
Extra Defensemen
Normal : Rasmus Andersson, Michael Anderson, Jeff Petry - PP : Rasmus Andersson - PK : Michael Anderson, Jeff Petry
Penalty Shots
J.T. Miller, Matthew Tkachuk, Sebastian Aho, Joel Eriksson Ek, Timo Meier
Chicago Black Hawks
5 vs 5 Forward
Center Left Wing Right Wing Time % Phy DF OF
1 Bo Horvat Kevin Fiala Vincent Trocheck 30 1 2 2
2 Patrice Bergeron Barrett Hayton Kirby Dach 30 1 2 2
3 Nicholas Paul Jaden Schwartz Conor Sheary 25 1 2 2
4 Shane Pinto Michael Rasmussen Nicholas Paul 15 1 2 2
5 vs 5 Defense
Defense Defense Time % Phy DF OF
1 Cale Makar Seth Jones 30 0 3 2
2 Brent Burns Devon Toews 30 1 3 1
3 Travis Sanheim Marcus Pettersson 25 0 4 1
4 Cale Makar Brent Burns 15 0 3 2
PowerPlay Forward
Center Left Wing Right Wing Time % Phy DF OF
1 Bo Horvat Kevin Fiala Vincent Trocheck 50 0 0 5
2 Patrice Bergeron Barrett Hayton Kirby Dach 50 0 0 5
PowerPlay Defense
Defense Defense Time % Phy DF OF
1 Brent Burns Seth Jones 50 0 1 4
2 Cale Makar Devon Toews 50 0 1 4
Penalty Kill 4 Players Forward
Center Wing Time % Phy DF OF
1 Patrice Bergeron Frederick Gaudreau 50 0 5 0
2 Barrett Hayton Michael Rasmussen 50 0 5 0
Penalty Kill 4 Players Defense
Defense Defense Time % Phy DF OF
1 Devon Toews Travis Sanheim 50 0 5 0
2 Brent Burns Seth Jones 50 0 5 0
Penalty Kill - 3 Players Forward
Forward Time % Phy DF OF
1 Bo Horvat 50 0 5 0
2 Frederick Gaudreau 50 0 5 0
Penalty Kill - 3 Players Defense
Defense Defense Time % Phy DF OF
1 Marcus Pettersson Seth Jones 50 0 5 0
2 Travis Sanheim Devon Toews 50 0 5 0
4 vs 4 Forward
Center Wing Time % Phy DF OF
1 Vincent Trocheck Frederick Gaudreau 50 1 2 2
2 Shane Pinto Kevin Fiala 50 1 2 2
4 vs 4 Defense
Defense Defense Time % Phy DF OF
1 Devon Toews Travis Sanheim 50 1 3 1
2 Marcus Pettersson Cale Makar 50 0 4 1
Last Minutes Offensive
Center Left Wing Right Wing Defense Defense
Bo Horvat Kevin Fiala Vincent Trocheck Cale Makar Seth Jones
Last Minutes Defensive
Center Left Wing Right Wing Defense Defense
Bo Horvat Kevin Fiala Vincent Trocheck Cale Makar Seth Jones
Goaltenders
Starting : Jordan Binnington
Backup : Thatcher Demko
Extra Forwards
Normal : Frederick Gaudreau, Nicholas Paul, Jaden Schwartz - PP : Frederick Gaudreau, Nicholas Paul - PK : Jaden Schwartz
Extra Defensemen
Normal : Travis Sanheim, Marcus Pettersson, Brent Burns - PP : Travis Sanheim - PK : Marcus Pettersson, Brent Burns
Penalty Shots
Bo Horvat, Patrice Bergeron, Vincent Trocheck, Kevin Fiala, Barrett Hayton
% Time on Ice - Calgary Flames
Lines # - Real PCT - Wanted PCT - Time Play
Normal Forward
1 - 29% - 31% - 13:44
2 - 27% - 30% - 12:51
3 - 27% - 29% - 12:58
4 - 18% - 10% - 8:24
Normal Defense
1 - 35% - 35% - 16:35
2 - 36% - 35% - 17:09
3 - 30% - 30% - 14:13
4 - 0% - 0% - 0:00
PP Forward
1 - 60% - 50% - 2:22
2 - 40% - 50% - 1:36
PP Defense
1 - 53% - 50% - 2:06
2 - 47% - 50% - 1:52
PK Forward
1 - 46% - 50% - 3:27
2 - 54% - 50% - 3:59
PK Defense
1 - 44% - 50% - 3:15
2 - 56% - 50% - 4:11
PK3 Forward
1 - 0% - 50%
2 - 0% - 50%
PK3 Defense
1 - 0% - 50%
2 - 0% - 50%
44 Forward
1 - 48% - 50% - 1:21
2 - 52% - 50% - 1:27
44 Defense
1 - 54% - 50% - 1:31
2 - 46% - 50% - 1:17
Last Minute Offensive - 0:00
Last Minute Defensive - 0:39
Total
Forward - 62:48
Defense - 62:48
|
% Time on Ice - Chicago Black Hawks
Lines # - Real PCT - Wanted PCT - Time Play
Normal Forward
1 - 31% - 30% - 14:57
2 - 32% - 30% - 15:32
3 - 25% - 25% - 11:49
4 - 12% - 15% - 5:49
Normal Defense
1 - 31% - 30% - 14:51
2 - 30% - 30% - 14:28
3 - 26% - 25% - 12:18
4 - 14% - 15% - 6:30
PP Forward
1 - 49% - 50% - 3:39
2 - 51% - 50% - 3:47
PP Defense
1 - 57% - 50% - 4:13
2 - 43% - 50% - 3:13
PK Forward
1 - 51% - 50% - 2:02
2 - 49% - 50% - 1:56
PK Defense
1 - 53% - 50% - 2:06
2 - 47% - 50% - 1:52
PK3 Forward
1 - 0% - 50%
2 - 0% - 50%
PK3 Defense
1 - 0% - 50%
2 - 0% - 50%
44 Forward
1 - 55% - 50% - 1:32
2 - 45% - 50% - 1:16
44 Defense
1 - 46% - 50% - 1:18
2 - 54% - 50% - 1:30
Last Minute Offensive - 0:29
Last Minute Defensive - 0:00
Total
Forward - 62:48
Defense - 62:48
|
Play-by-Play
1st period
0:01 of 1st period - Kevin Fiala wins face-off versus J.T. Miller in neutral zone.
0:04 of 1st period - J.T. Miller is hit by Cale Makar and loses puck.
0:13 of 1st period - Snap shot by Bo Horvat.
0:13 of 1st period - Stopped by Samuel Montembeault with a rebound.
0:27 of 1st period - Seth Jones is hit by Sebastian Aho and loses puck.
0:42 of 1st period - Ryan McDonagh is hit by Cale Makar and loses puck.
0:53 of 1st period - Jaden Schwartz is hit by Nic Dowd and loses puck.
1:00 of 1st period - Snap shot by Mathieu Joseph.
1:00 of 1st period - Shot Blocked by Nicholas Paul.
1:12 of 1st period - Snap shot by Oliver Bjorkstrand.
1:12 of 1st period - Stopped by Jordan Binnington with a rebound.
1:20 of 1st period - Slapshot by Drew Doughty.
1:20 of 1st period - Stopped by Jordan Binnington with a rebound.
1:40 of 1st period - Snap shot by Bo Horvat.
1:40 of 1st period - Stopped by Samuel Montembeault with a rebound.
2:12 of 1st period - Jeff Petry is hit by Barrett Hayton and loses puck.
2:33 of 1st period - Wrist shot by Timo Meier.
2:33 of 1st period - Stopped by Jordan Binnington without a rebound.
2:34 of 1st period - Bo Horvat wins face-off versus J.T. Miller in Chicago Black Hawks zone.
3:29 of 1st period - Rasmus Andersson is hit by Seth Jones and loses puck.
4:21 of 1st period - Snap shot by Patrice Bergeron.
4:21 of 1st period - Stopped by Samuel Montembeault with a rebound.
4:23 of 1st period - Slapshot by Patrice Bergeron.
4:23 of 1st period - Stopped by Samuel Montembeault without a rebound.
4:24 of 1st period - Sebastian Aho wins face-off versus Nicholas Paul in Calgary Flames zone.
4:33 of 1st period - Slapshot by Timo Meier.
4:33 of 1st period - Deflect By Devon Toews.
4:33 of 1st period - Stopped by Jordan Binnington without a rebound.
4:34 of 1st period - Sebastian Aho wins face-off versus Nicholas Paul in Chicago Black Hawks zone.
4:37 of 1st period - Snap shot by Timo Meier.
4:37 of 1st period - Stopped by Jordan Binnington with a rebound.
4:43 of 1st period - Wrist shot by Conor Sheary.
4:43 of 1st period - Stopped by Samuel Montembeault without a rebound.
4:44 of 1st period - Nicholas Paul wins face-off versus J.T. Miller in Calgary Flames zone.
4:45 of 1st period - Wrist shot by Shane Pinto.
4:45 of 1st period - Deflect By Nicholas Paul.
4:45 of 1st period - Deflect By J.T. Miller.
4:45 of 1st period - Shot Misses the Net.
4:45 of 1st period - Puck is out of play.
4:46 of 1st period - J.T. Miller wins face-off versus Shane Pinto in Calgary Flames zone.
6:02 of 1st period - Snap shot by Rafael Harvey-Pinard.
6:02 of 1st period - Stopped by Jordan Binnington with a rebound.
6:04 of 1st period - Slapshot by Ryan McDonagh.
6:04 of 1st period - Stopped by Jordan Binnington with a rebound.
6:20 of 1st period - Snap shot by J.T. Miller.
6:20 of 1st period - Shot Blocked by Vincent Trocheck.
6:22 of 1st period - Slapshot by Drew Doughty.
6:22 of 1st period - Stopped by Jordan Binnington with a rebound.
6:24 of 1st period - Slapshot by Jeff Petry.
6:24 of 1st period - Deflect By Joel Eriksson Ek.
6:24 of 1st period - Shot Misses the Net.
6:24 of 1st period - Puck is out of play.
6:25 of 1st period - Nic Dowd wins face-off versus Patrice Bergeron in Chicago Black Hawks zone.
6:34 of 1st period - Snap shot by Oliver Bjorkstrand.
6:34 of 1st period - Stopped by Jordan Binnington without a rebound.
6:35 of 1st period - Patrice Bergeron wins face-off versus Nic Dowd in Chicago Black Hawks zone.
6:40 of 1st period - Michael Anderson is hit by Barrett Hayton and loses puck.
6:51 of 1st period - Backhand shot by Patrice Bergeron.
6:51 of 1st period - Stopped by Samuel Montembeault without a rebound.
6:52 of 1st period - Nicholas Paul wins face-off versus Zach Hyman in Calgary Flames zone.
7:01 of 1st period - Backhand shot by Jaden Schwartz.
7:01 of 1st period - Shot Misses the Net.
7:08 of 1st period - Off-side.
7:09 of 1st period - Bo Horvat wins face-off versus J.T. Miller in neutral zone.
8:15 of 1st period - Icing by Ryan McDonagh.
8:16 of 1st period - Cole Sillinger wins face-off versus Nicholas Paul in Calgary Flames zone.
9:09 of 1st period - Snap shot by Vincent Trocheck.
9:09 of 1st period - Shot Blocked by Ryan McDonagh.
9:11 of 1st period - Slapshot by Travis Sanheim.
9:11 of 1st period - Stopped by Samuel Montembeault without a rebound.
9:12 of 1st period - Bo Horvat wins face-off versus J.T. Miller in Calgary Flames zone.
10:15 of 1st period - Wrist shot by Timo Meier.
10:15 of 1st period - Goal by Timo Meier - Calgary Flames : 1 - Chicago Black Hawks : 0.
10:16 of 1st period - Shane Pinto wins face-off versus J.T. Miller in neutral zone.
10:43 of 1st period - Kevin Fiala is hit by Michael Anderson and loses puck.
10:52 of 1st period - Snap shot by Kevin Fiala.
10:52 of 1st period - Stopped by Samuel Montembeault with a rebound.
10:54 of 1st period - Slapshot by Vincent Trocheck.
10:54 of 1st period - Shot Misses the Net.
11:08 of 1st period - Wrist shot by Oliver Bjorkstrand.
11:08 of 1st period - Goal by Oliver Bjorkstrand - Calgary Flames : 2 - Chicago Black Hawks : 0.
11:09 of 1st period - J.T. Miller wins face-off versus Nicholas Paul in neutral zone.
12:41 of 1st period - Yakov Trenin is hit by Barrett Hayton and loses puck.
12:46 of 1st period - Wrist shot by Patrice Bergeron.
12:46 of 1st period - Stopped by Samuel Montembeault without a rebound.
12:47 of 1st period - Cole Sillinger wins face-off versus Shane Pinto in Calgary Flames zone.
12:52 of 1st period - Wrist shot by Yakov Trenin.
12:52 of 1st period - Shot Hit the Post.
13:14 of 1st period - Marcus Pettersson is hit by Oliver Bjorkstrand and loses puck.
13:38 of 1st period - Jaden Schwartz is hit by Rasmus Andersson and loses puck.
14:06 of 1st period - Rasmus Andersson is hit by Kirby Dach and loses puck.
15:45 of 1st period - Wrist shot by Zach Hyman.
15:45 of 1st period - Shot Misses the Net.
15:57 of 1st period - Wrist shot by Vincent Trocheck.
15:57 of 1st period - Stopped by Samuel Montembeault with a rebound.
16:00 of 1st period - Icing by Ryan McDonagh.
16:01 of 1st period - Bo Horvat wins face-off versus Nic Dowd in Calgary Flames zone.
16:16 of 1st period - Vincent Trocheck is hit by Mathieu Joseph and loses puck.
16:35 of 1st period - Bo Horvat is hit by Nic Dowd and loses puck.
16:46 of 1st period - Snap shot by Mathieu Joseph.
16:46 of 1st period - Shot Blocked by Travis Sanheim.
17:14 of 1st period - Off-side.
17:15 of 1st period - Nicholas Paul wins face-off versus J.T. Miller in neutral zone.
17:18 of 1st period - Jeff Petry is hit by Jaden Schwartz and loses puck.
17:41 of 1st period - Zach Hyman is hit by Barrett Hayton and loses puck.
18:02 of 1st period - Zach Hyman is hit by Seth Jones and loses puck.
18:09 of 1st period - Slapshot by Rasmus Andersson.
18:09 of 1st period - Shot Blocked by Cale Makar.
18:11 of 1st period - Slapshot by Zach Hyman.
18:11 of 1st period - Shot Misses the Net.
18:13 of 1st period - Snap shot by Zach Hyman.
18:13 of 1st period - Deflect By Sebastian Aho.
18:13 of 1st period - Stopped by Jordan Binnington without a rebound.
18:14 of 1st period - Patrice Bergeron wins face-off versus Joel Eriksson Ek in Chicago Black Hawks zone.
18:43 of 1st period - Slapshot by Shane Pinto.
18:43 of 1st period - Shot Misses the Net.
19:09 of 1st period - Snap shot by Kevin Fiala.
19:09 of 1st period - Stopped by Samuel Montembeault with a rebound.
19:11 of 1st period - Wrist shot by Bo Horvat.
19:11 of 1st period - Shot Misses the Net.
19:21 of 1st period - Wrist shot by Kirby Dach.
19:21 of 1st period - Stopped by Samuel Montembeault with a rebound.
19:23 of 1st period - Backhand shot by Patrice Bergeron.
19:23 of 1st period - Stopped by Samuel Montembeault with a rebound.
19:53 of 1st period - Snap shot by Rafael Harvey-Pinard.
19:53 of 1st period - Shot Misses the Net.
19:55 of 1st period - Wrist shot by Rafael Harvey-Pinard.
19:55 of 1st period - Shot Misses the Net.
19:57 of 1st period - Slapshot by Drew Doughty.
19:57 of 1st period - Deflect By Rafael Harvey-Pinard.
19:57 of 1st period - Shot Blocked by Vincent Trocheck.
19:57 of 1st period - Puck is out of play.
19:58 of 1st period - Cole Sillinger wins face-off versus Patrice Bergeron in Chicago Black Hawks zone.
Goals for this period are 2 for Calgary Flames vs 0 for Chicago Black Hawks.
Shots for this period are 12 for Calgary Flames vs 13 for Chicago Black Hawks.
2nd period
0:01 of 2nd period - Nicholas Paul wins face-off versus Sebastian Aho in neutral zone.
0:59 of 2nd period - Snap shot by Drew Doughty.
0:59 of 2nd period - Deflect By Bo Horvat.
0:59 of 2nd period - Stopped by Jordan Binnington with a rebound.
1:10 of 2nd period - Off-side.
1:11 of 2nd period - Shane Pinto wins face-off versus Nic Dowd in neutral zone.
1:39 of 2nd period - Snap shot by Timo Meier.
1:39 of 2nd period - Stopped by Jordan Binnington with a rebound.
1:45 of 2nd period - Snap shot by Patrice Bergeron.
1:45 of 2nd period - Stopped by Samuel Montembeault with a rebound.
1:47 of 2nd period - Slapshot by Travis Sanheim.
1:47 of 2nd period - Stopped by Samuel Montembeault without a rebound.
1:48 of 2nd period - J.T. Miller wins face-off versus Nicholas Paul in Calgary Flames zone.
2:02 of 2nd period - Off-side.
2:03 of 2nd period - Patrice Bergeron wins face-off versus Sebastian Aho in neutral zone.
2:30 of 2nd period - Brent Burns is hit by Kris Letang and loses puck.
3:55 of 2nd period - Joel Eriksson Ek is hit by Conor Sheary and loses puck.
4:16 of 2nd period - Wrist shot by Kirby Dach.
4:16 of 2nd period - Stopped by Samuel Montembeault without a rebound.
4:17 of 2nd period - Patrice Bergeron wins face-off versus Nic Dowd in Calgary Flames zone.
4:22 of 2nd period - Backhand shot by Kirby Dach.
4:22 of 2nd period - Stopped by Samuel Montembeault with a rebound.
4:24 of 2nd period - Minor Penalty to Nic Dowd for Hooking.
4:25 of 2nd period - Joel Eriksson Ek wins face-off versus Patrice Bergeron in Calgary Flames zone.
4:34 of 2nd period - Jeff Petry is hit by Cale Makar and loses puck.
6:24 of 2nd period - Penalty to Nic Dowd is over, Nic Dowd is back on ice.
6:45 of 2nd period - Marcus Pettersson is hit by Timo Meier and loses puck.
7:03 of 2nd period - Cole Sillinger is hit by Devon Toews and loses puck.
7:12 of 2nd period - Snap shot by Jaden Schwartz.
7:12 of 2nd period - Deflect By Nicholas Paul.
7:12 of 2nd period - Goal by Nicholas Paul - Calgary Flames : 2 - Chicago Black Hawks : 1.
7:13 of 2nd period - Patrice Bergeron wins face-off versus J.T. Miller in neutral zone.
7:44 of 2nd period - Snap shot by Mathieu Joseph.
7:44 of 2nd period - Stopped by Jordan Binnington with a rebound.
8:40 of 2nd period - Travis Sanheim is hit by Matthew Tkachuk and loses puck.
9:21 of 2nd period - Slapshot by Zach Hyman.
9:21 of 2nd period - Shot Hit the Post.
9:35 of 2nd period - Nicholas Paul is hit by Kris Letang.
9:55 of 2nd period - Matthew Tkachuk is hit by Brent Burns and loses puck.
10:22 of 2nd period - Ryan McDonagh is hit by Shane Pinto and loses puck.
10:54 of 2nd period - Drew Doughty is hit by Barrett Hayton and loses puck.
11:09 of 2nd period - Backhand shot by Rafael Harvey-Pinard.
11:09 of 2nd period - Shot Blocked by Devon Toews.
11:19 of 2nd period - Wrist shot by Cole Sillinger.
11:19 of 2nd period - Shot Misses the Net.
11:27 of 2nd period - Minor Penalty to Yakov Trenin for Hooking.
11:28 of 2nd period - Bo Horvat wins face-off versus Joel Eriksson Ek in Calgary Flames zone.
11:43 of 2nd period - Nic Dowd is hit by Bo Horvat and loses puck.
11:56 of 2nd period - Wrist shot by Patrice Bergeron.
11:56 of 2nd period - Stopped by Samuel Montembeault with a rebound.
11:58 of 2nd period - Slapshot by Barrett Hayton.
11:58 of 2nd period - Stopped by Samuel Montembeault without a rebound.
11:59 of 2nd period - Patrice Bergeron wins face-off versus Joel Eriksson Ek in Calgary Flames zone.
12:25 of 2nd period - Ryan McDonagh is hit by Barrett Hayton and loses puck.
12:39 of 2nd period - Snap shot by Patrice Bergeron.
12:39 of 2nd period - Shot Misses the Net.
12:41 of 2nd period - Slapshot by Cale Makar.
12:41 of 2nd period - Deflect By Barrett Hayton.
12:41 of 2nd period - Shot Misses the Net.
12:41 of 2nd period - Puck is out of play.
12:42 of 2nd period - Joel Eriksson Ek wins face-off versus Bo Horvat in Calgary Flames zone.
12:42 of 2nd period - Joel Eriksson Ek is hit by Kevin Fiala.
12:54 of 2nd period - Slapshot by Bo Horvat.
12:54 of 2nd period - Stopped by Samuel Montembeault with a rebound.
12:56 of 2nd period - Snap shot by Vincent Trocheck.
12:56 of 2nd period - Goal by Vincent Trocheck - Calgary Flames : 2 - Chicago Black Hawks : 2.
12:57 of 2nd period - Patrice Bergeron wins face-off versus J.T. Miller in neutral zone.
13:02 of 2nd period - Slapshot by Patrice Bergeron.
13:02 of 2nd period - Stopped by Samuel Montembeault without a rebound.
13:03 of 2nd period - Patrice Bergeron wins face-off versus J.T. Miller in Calgary Flames zone.
13:26 of 2nd period - Snap shot by J.T. Miller.
13:26 of 2nd period - Stopped by Jordan Binnington with a rebound.
13:35 of 2nd period - Icing by Barrett Hayton.
13:36 of 2nd period - Sebastian Aho wins face-off versus Patrice Bergeron in Chicago Black Hawks zone.
13:47 of 2nd period - Wrist shot by Sebastian Aho.
13:47 of 2nd period - Stopped by Jordan Binnington without a rebound.
13:48 of 2nd period - Bo Horvat wins face-off versus Nic Dowd in Chicago Black Hawks zone.
13:56 of 2nd period - Icing by Kevin Fiala.
13:57 of 2nd period - Bo Horvat wins face-off versus Nic Dowd in Chicago Black Hawks zone.
13:57 of 2nd period - Kevin Fiala is hit by Kris Letang.
14:11 of 2nd period - Wrist shot by Kevin Fiala.
14:11 of 2nd period - Shot Misses the Net.
14:15 of 2nd period - Slapshot by Bo Horvat.
14:15 of 2nd period - Shot Misses the Net.
14:17 of 2nd period - Snap shot by Kevin Fiala.
14:17 of 2nd period - Shot Blocked by Mathieu Joseph.
14:19 of 2nd period - Slapshot by Travis Sanheim.
14:19 of 2nd period - Stopped by Samuel Montembeault with a rebound.
14:39 of 2nd period - Wrist shot by Vincent Trocheck.
14:39 of 2nd period - Stopped by Samuel Montembeault with a rebound.
14:41 of 2nd period - Snap shot by Bo Horvat.
14:41 of 2nd period - Stopped by Samuel Montembeault with a rebound.
14:43 of 2nd period - Slapshot by Kevin Fiala.
14:43 of 2nd period - Shot Blocked by Ryan McDonagh.
14:45 of 2nd period - Slapshot by Travis Sanheim.
14:45 of 2nd period - Deflect By Vincent Trocheck.
14:45 of 2nd period - Shot Blocked by Kris Letang.
14:45 of 2nd period - Puck is out of play.
14:46 of 2nd period - Nicholas Paul wins face-off versus Sebastian Aho in Calgary Flames zone.
14:49 of 2nd period - Slapshot by Nicholas Paul.
14:49 of 2nd period - Shot Misses the Net.
14:51 of 2nd period - Wrist shot by Seth Jones.
14:51 of 2nd period - Stopped by Samuel Montembeault without a rebound.
14:52 of 2nd period - Nicholas Paul wins face-off versus Sebastian Aho in Calgary Flames zone.
15:52 of 2nd period - Off-side.
15:53 of 2nd period - Nicholas Paul wins face-off versus Sebastian Aho in neutral zone.
16:08 of 2nd period - Wrist shot by Timo Meier.
16:08 of 2nd period - Stopped by Jordan Binnington with a rebound.
16:10 of 2nd period - Wrist shot by Timo Meier.
16:10 of 2nd period - Stopped by Jordan Binnington with a rebound.
16:20 of 2nd period - J.T. Miller is hit by Kirby Dach and loses puck.
16:27 of 2nd period - Slapshot by Kris Letang.
16:27 of 2nd period - Deflect By Barrett Hayton.
16:27 of 2nd period - Stopped by Jordan Binnington with a rebound.
16:29 of 2nd period - Snap shot by J.T. Miller.
16:29 of 2nd period - Stopped by Jordan Binnington with a rebound.
16:37 of 2nd period - Minor Penalty to Devon Toews for High sticking.
16:38 of 2nd period - J.T. Miller wins face-off versus Patrice Bergeron in Chicago Black Hawks zone.
16:45 of 2nd period - Snap shot by Joel Eriksson Ek.
16:45 of 2nd period - Stopped by Jordan Binnington with a rebound.
18:13 of 2nd period - Zach Hyman is hit by Travis Sanheim and loses puck.
18:37 of 2nd period - Penalty to Devon Toews is over, Devon Toews is back on ice.
Goals for this period are 0 for Calgary Flames vs 2 for Chicago Black Hawks.
Shots for this period are 10 for Calgary Flames vs 14 for Chicago Black Hawks.
3rd period
0:01 of 3rd period - Patrice Bergeron wins face-off versus J.T. Miller in neutral zone.
0:10 of 3rd period - Wrist shot by Patrice Bergeron.
0:10 of 3rd period - Stopped by Samuel Montembeault with a rebound.
0:22 of 3rd period - Minor Penalty to Matthew Tkachuk for Kneeing.
0:23 of 3rd period - Bo Horvat wins face-off versus Joel Eriksson Ek in Calgary Flames zone.
0:50 of 3rd period - Seth Jones is hit by Nic Dowd and loses puck.
1:01 of 3rd period - Slapshot by Jeff Petry.
1:01 of 3rd period - Stopped by Jordan Binnington without a rebound.
1:02 of 3rd period - Bo Horvat wins face-off versus J.T. Miller in Chicago Black Hawks zone.
1:02 of 3rd period - Bo Horvat is hit by Nic Dowd.
1:16 of 3rd period - Wrist shot by Kevin Fiala.
1:16 of 3rd period - Shot Misses the Net.
1:18 of 3rd period - Snap shot by Kevin Fiala.
1:18 of 3rd period - Shot Misses the Net.
1:37 of 3rd period - Snap shot by Kirby Dach.
1:37 of 3rd period - Shot Blocked by Drew Doughty.
1:39 of 3rd period - Slapshot by Cale Makar.
1:39 of 3rd period - Shot Blocked by Drew Doughty.
2:22 of 3rd period - Penalty to Matthew Tkachuk is over, Matthew Tkachuk is back on ice.
2:33 of 3rd period - Conor Sheary is hit by Kris Letang and loses puck.
2:38 of 3rd period - Snap shot by Zach Hyman.
2:38 of 3rd period - Stopped by Jordan Binnington with a rebound.
2:40 of 3rd period - Snap shot by Sebastian Aho.
2:40 of 3rd period - Shot Misses the Net.
2:55 of 3rd period - Minor Penalty to Cole Sillinger for Holding Stick.
2:56 of 3rd period - Bo Horvat wins face-off versus Joel Eriksson Ek in Calgary Flames zone.
4:35 of 3rd period - Icing by Cale Makar.
4:36 of 3rd period - Patrice Bergeron wins face-off versus Joel Eriksson Ek in Chicago Black Hawks zone.
4:54 of 3rd period - Icing by Seth Jones.
4:55 of 3rd period - Penalty to Cole Sillinger is over, Cole Sillinger is back on ice.
4:55 of 3rd period - Sebastian Aho wins face-off versus Bo Horvat in Chicago Black Hawks zone.
5:23 of 3rd period - Icing by Kirby Dach.
5:24 of 3rd period - J.T. Miller wins face-off versus Patrice Bergeron in Chicago Black Hawks zone.
6:20 of 3rd period - Slapshot by Timo Meier.
6:20 of 3rd period - Shot Misses the Net.
6:40 of 3rd period - Slapshot by Drew Doughty.
6:40 of 3rd period - Stopped by Jordan Binnington without a rebound.
6:41 of 3rd period - Bo Horvat wins face-off versus J.T. Miller in Chicago Black Hawks zone.
6:48 of 3rd period - Slapshot by Bo Horvat.
6:48 of 3rd period - Stopped by Samuel Montembeault without a rebound.
6:49 of 3rd period - J.T. Miller wins face-off versus Bo Horvat in Calgary Flames zone.
6:56 of 3rd period - Snap shot by Drew Doughty.
6:56 of 3rd period - Shot Misses the Net.
7:09 of 3rd period - Icing by Jeff Petry.
7:10 of 3rd period - Nicholas Paul wins face-off versus J.T. Miller in Calgary Flames zone.
7:11 of 3rd period - Slapshot by Jaden Schwartz.
7:11 of 3rd period - Stopped by Samuel Montembeault with a rebound.
7:29 of 3rd period - Marcus Pettersson beats up Matthew Tkachuk.
7:29 of 3rd period - Penalty to Marcus Pettersson for Fighting.
7:29 of 3rd period - Penalty to Matthew Tkachuk for Fighting.
7:30 of 3rd period - Sebastian Aho wins face-off versus Bo Horvat in neutral zone.
7:39 of 3rd period - Wrist shot by Timo Meier.
7:39 of 3rd period - Stopped by Jordan Binnington without a rebound.
7:40 of 3rd period - Sebastian Aho wins face-off versus Bo Horvat in Chicago Black Hawks zone.
7:53 of 3rd period - Slapshot by Devon Toews.
7:53 of 3rd period - Shot Misses the Net.
8:08 of 3rd period - Minor Penalty to Vincent Trocheck for Hooking.
8:09 of 3rd period - J.T. Miller wins face-off versus Barrett Hayton in Chicago Black Hawks zone.
9:46 of 3rd period - Patrice Bergeron is hit by Jeff Petry.
10:08 of 3rd period - Penalty to Vincent Trocheck is over, Vincent Trocheck is back on ice.
10:20 of 3rd period - Wrist shot by Cole Sillinger.
10:20 of 3rd period - Stopped by Jordan Binnington without a rebound.
10:21 of 3rd period - Nicholas Paul wins face-off versus Nic Dowd in Chicago Black Hawks zone.
11:09 of 3rd period - Snap shot by Patrice Bergeron.
11:09 of 3rd period - Stopped by Samuel Montembeault without a rebound.
11:10 of 3rd period - Patrice Bergeron wins face-off versus Nic Dowd in Calgary Flames zone.
11:21 of 3rd period - Wrist shot by J.T. Miller.
11:21 of 3rd period - Stopped by Jordan Binnington with a rebound.
12:08 of 3rd period - Slapshot by Timo Meier.
12:08 of 3rd period - Shot Blocked by Conor Sheary.
12:10 of 3rd period - Snap shot by Sebastian Aho.
12:10 of 3rd period - Shot Misses the Net.
12:12 of 3rd period - Slapshot by Ryan McDonagh.
12:12 of 3rd period - Deflect By Zach Hyman.
12:12 of 3rd period - Stopped by Jordan Binnington with a rebound.
12:14 of 3rd period - Snap shot by Timo Meier.
12:14 of 3rd period - Stopped by Jordan Binnington without a rebound.
12:15 of 3rd period - Bo Horvat wins face-off versus Nic Dowd in Chicago Black Hawks zone.
12:15 of 3rd period - Bo Horvat is hit by Drew Doughty.
12:23 of 3rd period - Nic Dowd is hit by Cale Makar and loses puck.
12:30 of 3rd period - Snap shot by Vincent Trocheck.
12:30 of 3rd period - Shot Misses the Net.
13:09 of 3rd period - Wrist shot by Drew Doughty.
13:09 of 3rd period - Stopped by Jordan Binnington with a rebound.
13:11 of 3rd period - Snap shot by Yakov Trenin.
13:11 of 3rd period - Goal by Yakov Trenin - Calgary Flames : 3 - Chicago Black Hawks : 2.
13:12 of 3rd period - Nic Dowd wins face-off versus Shane Pinto in neutral zone.
13:37 of 3rd period - Devon Toews is hit by Matthew Tkachuk and loses puck.
13:48 of 3rd period - Wrist shot by Joel Eriksson Ek.
13:48 of 3rd period - Stopped by Jordan Binnington with a rebound.
13:50 of 3rd period - Slapshot by Ryan McDonagh.
13:50 of 3rd period - Deflect By J.T. Miller.
13:50 of 3rd period - Stopped by Jordan Binnington without a rebound.
13:51 of 3rd period - Sebastian Aho wins face-off versus Nicholas Paul in Chicago Black Hawks zone.
14:00 of 3rd period - Wrist shot by Timo Meier.
14:00 of 3rd period - Stopped by Jordan Binnington with a rebound.
14:41 of 3rd period - Off-side.
14:42 of 3rd period - J.T. Miller wins face-off versus Bo Horvat in neutral zone.
14:51 of 3rd period - Wrist shot by J.T. Miller.
14:51 of 3rd period - Deflect By Cale Makar.
14:51 of 3rd period - Shot Misses the Net.
14:51 of 3rd period - Puck is out of play.
14:52 of 3rd period - Nic Dowd wins face-off versus Shane Pinto in Chicago Black Hawks zone.
15:07 of 3rd period - Slapshot by Cale Makar.
15:07 of 3rd period - Deflect By Shane Pinto.
15:07 of 3rd period - Stopped by Samuel Montembeault without a rebound.
15:08 of 3rd period - Nicholas Paul wins face-off versus J.T. Miller in Calgary Flames zone.
15:17 of 3rd period - Jeff Petry is hit by Cale Makar and loses puck.
15:54 of 3rd period - Cale Makar is hit by Timo Meier and loses puck.
16:05 of 3rd period - Slapshot by Sebastian Aho.
16:05 of 3rd period - Shot Misses the Net.
16:19 of 3rd period - Snap shot by Patrice Bergeron.
16:19 of 3rd period - Stopped by Samuel Montembeault without a rebound.
16:20 of 3rd period - Nic Dowd wins face-off versus Patrice Bergeron in Calgary Flames zone.
16:27 of 3rd period - Barrett Hayton is hit by Oliver Bjorkstrand and loses puck.
17:06 of 3rd period - Patrice Bergeron is hit by Joel Eriksson Ek and loses puck.
17:32 of 3rd period - Off-side.
17:33 of 3rd period - Nic Dowd wins face-off versus Nicholas Paul in neutral zone.
17:44 of 3rd period - Snap shot by Mathieu Joseph.
17:44 of 3rd period - Stopped by Jordan Binnington with a rebound.
17:48 of 3rd period - Snap shot by Mathieu Joseph.
17:48 of 3rd period - Shot Misses the Net.
18:28 of 3rd period - Icing by Brent Burns.
18:29 of 3rd period - Frederick Gaudreau wins face-off versus Sebastian Aho in Chicago Black Hawks zone.
18:38 of 3rd period - Chicago Black Hawks, Jordan Binnington is pulled from the net.
19:00 of 3rd period - Wrist shot by Nicholas Paul.
19:00 of 3rd period - Shot Blocked by Sebastian Aho.
19:32 of 3rd period - Snap shot by Bo Horvat.
19:32 of 3rd period - Goal by Bo Horvat - Calgary Flames : 3 - Chicago Black Hawks : 3.
19:32 of 3rd period - Jordan Binnington from Chicago Black Hawks was sent back in the game.
19:33 of 3rd period - Nic Dowd wins face-off versus Shane Pinto in neutral zone.
19:36 of 3rd period - Snap shot by Oliver Bjorkstrand.
19:36 of 3rd period - Shot Misses the Net.
Goals for this period are 1 for Calgary Flames vs 1 for Chicago Black Hawks.
Shots for this period are 14 for Calgary Flames vs 7 for Chicago Black Hawks.
Overtime #1
0:01 of 1st overtime period - Vincent Trocheck wins face-off versus J.T. Miller in neutral zone.
0:09 of 1st overtime period - Slapshot by Kris Letang.
0:09 of 1st overtime period - Stopped by Jordan Binnington with a rebound.
0:11 of 1st overtime period - Slapshot by Jeff Petry.
0:11 of 1st overtime period - Shot Misses the Net.
0:13 of 1st overtime period - Wrist shot by Timo Meier.
0:13 of 1st overtime period - Shot Blocked by Travis Sanheim.
0:15 of 1st overtime period - Wrist shot by J.T. Miller.
0:15 of 1st overtime period - Shot Blocked by Devon Toews.
0:17 of 1st overtime period - Wrist shot by Timo Meier.
0:17 of 1st overtime period - Shot Misses the Net.
1:55 of 1st overtime period - Icing by Zach Hyman.
1:56 of 1st overtime period - Shane Pinto wins face-off versus J.T. Miller in Calgary Flames zone.
2:13 of 1st overtime period - Jeff Petry is hit by Marcus Pettersson.
2:46 of 1st overtime period - Snap shot by Cale Makar.
2:46 of 1st overtime period - Deflect By Joel Eriksson Ek.
2:46 of 1st overtime period - Stopped by Samuel Montembeault with a rebound.
2:48 of 1st overtime period - Snap shot by Marcus Pettersson.
2:48 of 1st overtime period - Deflect By Drew Doughty.
2:48 of 1st overtime period - Goal by Marcus Pettersson - Calgary Flames : 3 - Chicago Black Hawks : 4.
Goals for this period are 0 for Calgary Flames vs 1 for Chicago Black Hawks.
Shots for this period are 1 for Calgary Flames vs 2 for Chicago Black Hawks.
Back to the Top